AoeStats
← MajorPansy

Golden Pit

507907425Analyzed
1v1 RM · 12d ago on Sep 20, 2026· 24m 18s· 2 players
Game mode
Random Map
Map size
Tiny (2 player)
Population
200
Speed
Normal
Resources
Standard
Victory
Conquest
Starting age
Dark Age
Ending age
Imperial Age
RankedLock teamsTeams togetherTeam positionsShared explorationLock speedFull tech treeHidden civsTurbo modeCheats
Victory
Defeat
🇺🇸 Franks · United States
848
+16
🇺🇸 Lithuanians · United States
855
-16
charlescolucci12
12:30 Feudal Age
10:48 Loom
18:14 Castle Age
17:39 Wheelbarrow
MajorPansy
8:22 Loom
10:11 Feudal Age
9:51 Loom
13:04 Wheelbarrow
12:19 Double-Bit Axe
13:51 Forging
18:24 Horse Collar
21:33 Bloodlines
22:04 Scale Barding Armor
Connection lost

Rejoining the realm…

Still unreachable

The connection could not be restored.

Session expired

The server has moved on; the page needs a fresh start.